 Dungeon Crawl Stone Soup version 0.29-a0-96-g93358da72b (webtiles) character file.

Game seed: 5785202593436823920

220 enile the Skirmisher (level 5, -14/54 HPs)
             Began as an Ogre Fire Elementalist on Feb 11, 2022.
             Killed from afar by Ijyb (27 damage)
             ... with a bolt of acid
             ... on level 3 of the Dungeon.
             The game lasted 00:04:09 (3508 turns).

enile the Skirmisher (Ogre Fire Elementalist)       Turns: 3508, Time: 00:04:10

Health: -14/54     AC: -1    Str: 12    XL:     5   Next: 97%
Magic:  0/11       EV:  9    Int: 18    God:
Gold:   89         SH:  0    Dex:  9    Spells: 9/12 levels left

rFire   . . .      SeeInvis .   h - +1 whip (pain)
rCold   . . .      Faith    .   (no shield)
rNeg    . . .      Spirit   +   a - +0 robe
rPois   .          Reflect  .   (helmet restricted)
rElec   .          Harm     .   (no cloak)
rCorr   .          Rampage  .   (gloves unavailable)
Will    .....                   (boots unavailable)
Stlth   +.........              j - amulet of guardian spirit
HPRegen 0.18/turn               (no ring)
MPRegen 0.12/turn               (no ring)

@: mighty, brilliant, corroded, flying
A: large, unfitting armour, tough skin 1
a: no special abilities


You were on level 3 of the Dungeon.
You visited 1 branch of the dungeon, and saw 3 of its levels.

You collected 89 gold pieces.

Inventory:

Hand Weapons
 h - a +1 whip of pain (weapon)
Armour
 a - a +0 robe (worn)
Jewellery
 j - an amulet of guardian spirit (around neck)
Scrolls
 b - 4 scrolls of identify {unknown}
 d - a scroll of noise {unknown}
 g - 2 scrolls of immolation {unknown}
 i - 2 scrolls of teleportation {unknown}
 k - a scroll of summoning {unknown}
 l - a scroll of fog {unknown}
Potions
 e - a potion of brilliance
 f - a potion of might
 m - a potion of degeneration {unknown}


   Skills:
 - Level 4.0 Fighting
 - Level 1.9 Dodging
 - Level 1.5 Stealth
 - Level 4.0 Spellcasting
 + Level 1.3 Conjurations
 - Level 4.0 Fire Magic


You had 9 spell levels left.
You knew the following spells:

 Your Spells              Type           Power      Damage    Failure   Level
a - Foxfire               Conj/Fire      76%        2x1d7     4%          1
b - Scorch                Fire           54%        2d8       4%          2

Your spell library contained the following spells:

 Spells                   Type           Power      Damage    Failure   Level
 Conjure Flame            Conj/Fire      19%        6-21      16%         3
 Inner Flame              Hex/Fire       16%        N/A       19%         3
 Ignite Poison            Fire/Tmut/Pois 12%        N/A       26%         3
 Mephitic Cloud           Conj/Pois/Air  7%         N/A       36%         3
 Flame Wave               Conj/Fire      19%        2d6       45%         4
 Freezing Cloud           Conj/Ice/Air   3%         6-21      98%         5


Dungeon Overview and Level Annotations

Branches:
Dungeon (3/15)

Altars:

Annotations:
D:3 Ijyb


Innate Abilities, Weirdness & Mutations

You are too large for most types of armour.
You have tough skin. (AC +1)


Message History

The bolt of acid hits you!!
Ouch! That really hurt!
The acid corrodes you!
Casting: Foxfire (safe; 4% risk of failure)
Confirm with . or Enter, or press ? or * to list all spells.
You conjure some foxfire!
The foxfire hits Ijyb.
Ijyb is moderately wounded.
The foxfire hits Ijyb but does no damage.
Ijyb is moderately wounded.
The foxfire hits Ijyb but does no damage.
Ijyb is moderately wounded.
Ijyb screams, "Me kill you!"
Ijyb is nearby!
Casting: Foxfire (safe; 4% risk of failure)
Confirm with . or Enter, or press ? or * to list all spells.
You conjure some foxfire!
The foxfire hits Ijyb.
Ijyb is moderately wounded.
The foxfire hits Ijyb but does no damage.
Ijyb is moderately wounded.
Ijyb is nearby!
Casting: Foxfire (safe; 4% risk of failure)
Confirm with . or Enter, or press ? or * to list all spells.
Flames lash Ijyb.
Ijyb is heavily wounded.
Ijyb's fire resistance burns away.
Ijyb hits you with a +0 dagger. Ijyb hits you with a +0 dagger.
* * * LOW HITPOINT WARNING * * *
It was a potion of flight.
You feel very buoyant.
You fly up into the air.
Ijyb hits you with a +0 dagger.
* * * LOW HITPOINT WARNING * * *
It was a potion of might.
You feel very mighty all of a sudden.
Ijyb is no longer more vulnerable to fire.
Ijyb closely misses you.
It was a potion of brilliance.
You feel clever all of a sudden.
Ijyb zaps a wand.
The bolt of acid hits you!!
Ouch! That really hurt!
You die...

..###.#.##.......#
......#.##)##....####
.##.....#.###>#.....
...<...#...# #.######
..##.....#####.##.##
#..#............##
#..########......#
#######..########.......
......g@...............#
###################...##
##.## ###


You could see Ijyb.

Vanquished Creatures
  Sigmund (D:3)
  3 dart slugs
  5 orcs (D:3)
  7 endoplasms
  2 giant cockroaches (D:1)
  3 goblins
  5 hobgoblins
  6 kobolds
  A quokka (D:1)
  6 ball pythons
  2 bats (D:1)
  5 frilled lizards
  3 rats
49 creatures vanquished.

Vanquished Creatures (others)
  215 foxfires
215 creatures vanquished.

Grand Total: 264 creatures vanquished

Notes
Turn   | Place    | Note
-------+----------+-------------------------------------------
     0 | D:1      | enile the Ogre Fire Elementalist began the quest for the
                  | Orb.
     0 | D:1      | Reached XP level 1. HP: 16/16 MP: 3/3
   140 | D:1      | Reached skill level 1 in Conjurations
   320 | D:1      | Reached XP level 2. HP: 24/24 MP: 0/5
   613 | D:1      | Reached skill level 1 in Fighting
  1320 | D:2      | Learned a level 2 spell: Scorch
  1393 | D:2      | Reached XP level 3. HP: 36/36 MP: 1/6
  3051 | D:3      | Reached XP level 4. HP: 45/45 MP: 5/8
  3151 | D:3      | Noticed Sigmund
  3162 | D:3      | Killed Sigmund
  3163 | D:3      | Reached XP level 5. HP: 43/54 MP: 0/11
  3495 | D:3      | Noticed Ijyb
  3508 | D:3      | Killed from afar by Ijyb

Illustrated notes

Levels and vault maps discovered:
D:1:      lightli_arrival_statuegarden, layout_basic
D:2:      layout_loops_cross, item_on_display_b
D:3:      layout_loops_ring, uniq_ijyb, uniq_robin, uniq_sigmund

Skill      XL: |  1  2  3  4 |
---------------+-------------+-----
Conjurations   | 1 |  1.3
Fighting       | 2 3 4 |  4.0
Spellcasting   | 3 4 |  4.0
Fire Magic     | 4 |  4.0
Dodging        | |  1.9
Stealth        | |  1.5

Action                   |  1- 3 |  4- 6 || total
-------------------------+-------+-------++-------
Melee: Unarmed           |    13 |       ||    13
       Whip              |    10 |       ||    10
 Cast: Foxfire           |   117 |    15 ||   132
       Scorch            |     7 |     5 ||    12
  Use: Potion            |       |     3 ||     3
Armor: Robe              |    15 |       ||    15
Dodge: Dodged            |    17 |     4 ||    21

Table legend: (Time is in decaauts)
 A = Elapsed time spent in this place.
 B = Non-inter-level travel time spent in this place.
 C = Inter-level travel time spent in this place.
 D = Time resting spent in this place.
 E = Time spent auto-exploring this place.
 F = Levels seen in this place.
 G = Mean time per level.
                   A        B        C        D        E       F      G
               +--------+--------+--------+--------+--------+-----+--------+
         Total |   3508 |   3430 |     78 |      0 |   2983 |   3 | 1169.3 |
       Dungeon |   3508 |   3430 |     78 |      0 |   2983 |   3 | 1169.3 |
               +--------+--------+--------+--------+--------+-----+--------+

Top non-repeatable levels by time:
     D:1: 1312 daAuts
     D:2: 1293 daAuts
     D:3: 901 daAuts
